 Dungeon Crawl Stone Soup version 0.27-a0-1434-g6f15984924 (webtiles) character file.

Game seed: 2984581400163982009

77 shakesphere1979 the Stinger (level 4, -1/24 HPs)
             Began as a Deep Elf Venom Mage on July 3, 2021.
             Slain by a wyvern skeleton (9 damage)
             ... on level 4 of the Dungeon.
             The game lasted 00:09:36 (3003 turns).

shakesphere1979 the Stinger (Deep Elf Venom Mage)   Turns: 3003, Time: 00:09:37

Health: -1/24      AC:  3    Str:  5    XL:     4   Next: 13%
Magic:  11/11      EV: 13    Int: 21    God:
Gold:   94         SH:  0    Dex: 15    Spells: 4/10 levels left

rFire    . . .     SeeInvis .   i - +0 falchion
rCold    . . .     Faith    .   (no shield)
rNeg     . . .     Spirit   .   a - +0 robe
rPois    .         Reflect  .   (no helmet)
rElec    .         Harm     .   g - +0 cloak
rCorr    .         Rampage  .   (no gloves)
Will     .....                  (no boots)
Stlth    ++........             (no amulet)
HPRegen  0.08/turn              (no ring)
MPRegen  0.12/turn              (no ring)

@: no status effects
A: no striking features
a: no special abilities


You were on level 4 of the Dungeon.
You visited 1 branch of the dungeon, and saw 4 of its levels.

You collected 94 gold pieces.

Inventory:

Hand Weapons
 b - a +1 vampiric short sword
 i - a +0 falchion (weapon)
Missiles
 c - 108 stones
 e - 55 arrows
 m - 23 sling bullets
Armour
 a - a +0 robe (worn)
 g - a +0 cloak (worn)
Magical Staves
 h - a staff of earth
Scrolls
 d - 2 scrolls of identify
 k - a scroll of magic mapping {unknown}
 l - a scroll of blinking {unknown}
 n - a scroll of brand weapon {unknown}
Potions
 f - a potion of resistance {unknown}
 j - a potion of lignification


   Skills:
 + Level 3.2 Dodging
 + Level 3.3 Stealth
 + Level 3.7 Spellcasting
 + Level 2.1 Transmutations
 + Level 3.8 Poison Magic


You had 4 spell levels left.
You knew the following spells:

 Your Spells              Type           Power      Damage    Failure   Level
a - Sting                 Tmut/Pois      64%        1d6       3%          1
b - Poisonous Vapours     Pois/Air       22%        N/A       9%          2
c - Ignite Poison         Fire/Tmut/Pois 12%        N/A       16%         3

Your spell library contained the following spells:

 Spells                   Type           Power      Damage    Failure   Level
 Beastly Appendage        Tmut           24%        N/A       4%          1
 Pain                     Necr           12%        1d4       12%         1
 Blink                    Tloc           N/A        N/A       19%         2
 Mephitic Cloud           Conj/Pois/Air  9%         N/A       22%         3
 Olgreb's Toxic Radiance  Pois           20%        N/A       26%         4
 Lesser Beckoning         Tloc           1%         N/A       36%         3
 Agony                    Necr           3%         N/A       98%         5
 Excruciating Wounds      Necr           1%         N/A       98%         5
 Manifold Assault         Tloc           3%         N/A       98%         5
 Eringya's Noxious Bog    Tmut/Pois      8%         N/A       99%         6


Dungeon Overview and Level Annotations

Branches:
Dungeon (3/15)

Altars:
Fedhas


Message History

i - a +0 falchion (weapon)
You start resting.
Magic restored.
Found 3 gold pieces.
You now have 94 gold pieces (gained 3).
Found 24 bolts.
d - 2 scrolls of identify (gained 1)
c - 108 stones (gained 23)
An endoplasm comes into view.
A wyvern skeleton comes into view.
Found a scroll labelled SOZIOKHL KINA.
You hit the wyvern skeleton.
The wyvern skeleton is lightly damaged.
The wyvern skeleton barely misses you.
The wyvern skeleton completely misses you.
You riposte.
You hit the wyvern skeleton.
The wyvern skeleton is moderately damaged.
You hit the wyvern skeleton.
The wyvern skeleton is moderately damaged.
The wyvern skeleton closely misses you.
You riposte.
You barely miss the wyvern skeleton.
The wyvern skeleton is moderately damaged.
You hit the wyvern skeleton.
The wyvern skeleton is heavily damaged.
The wyvern skeleton barely misses you. The wyvern skeleton closely misses you.
You hit the wyvern skeleton.
The wyvern skeleton is heavily damaged.
The wyvern skeleton misses you. The wyvern skeleton barely misses you.
You hit the wyvern skeleton.
The wyvern skeleton is severely damaged.
The wyvern skeleton bites you!
Ouch! That really hurt!
You hit the wyvern skeleton.
The wyvern skeleton is severely damaged.
The wyvern skeleton bites you. The wyvern skeleton misses you.
You hit the wyvern skeleton.
The wyvern skeleton is severely damaged.
The wyvern skeleton bites you but does no damage.
The wyvern skeleton bites you!
You die...

#...........
#......?..#
#.........# .......
##.......## .......
#.........# .......
#.........# .......
#.........# ....J..
#.†.......##.......
#)......@Z#........
##.................
##...............?
#####....$.......
...............
##.............
#.............
..........#....
###............


You could see a wyvern skeleton.

Vanquished Creatures
  2 adders (D:3)
  3 worms (D:2)
  A dart slug (D:2)
  An orc (D:4)
  5 endoplasms
  4 giant cockroaches
  3 goblins
  4 hobgoblins (D:1)
  5 jackals (D:1)
  A quokka (D:1)
  5 ball pythons
  2 bats
  A frilled lizard (D:3)
  2 kobolds (D:1)
  5 rats
44 creatures vanquished.

Notes
Turn   | Place    | Note
-------+----------+-------------------------------------------
     0 | D:1      | shakesphere1979 the Deep Elf Venom Mage began the quest for
                  | the Orb.
     0 | D:1      | Reached XP level 1. HP: 10/10 MP: 6/6
   210 | D:1      | Found a faded altar of an unknown god.
   229 | D:1      | Got Sif Muna's Collected Works on Transformation and
                  | Contamination
   248 | D:1      | Reached XP level 2. HP: 15/15 MP: 4/8
   720 | D:1      | Learned a level 2 spell: Poisonous Vapours
  1050 | D:1      | Reached XP level 3. HP: 15/19 MP: 6/9
  1691 | D:2      | Found a blossoming altar of Fedhas.
  2549 | D:2      | Learned a level 3 spell: Ignite Poison
  2854 | D:3      | Reached XP level 4. HP: 21/24 MP: 7/11
  2951 | D:3      | You fall into a shaft and drop 1 floor!
  3003 | D:4      | Slain by a wyvern skeleton

Illustrated notes

Levels and vault maps discovered:
D:1:      shiori_shiawase, layout_basic, hellmonk_ecumenical_altar_arch_garden
D:2:      layout_rooms, basic_altar
D:3:      layout_rooms, serial_glass, glass_columns_a, glass_columns_b
D:4:      layout_rooms, nicolae_overflow_hidden_temple,
          grunt_temple_overflow_open, uniq_natasha

Skill      XL: |  1  2  3 |
---------------+----------+-----
Stealth        | 3 |  3.3
Dodging        | 3 |  3.2
Transmutations | 2 |  2.1
Spellcasting   | |  3.7
Poison Magic   | |  3.8

Action                   |  1- 3 |  4- 6 || total
-------------------------+-------+-------++-------
Melee: Short sword       |    75 |     3 ||    78
       Falchion          |       |     7 ||     7
 Cast: Sting             |    34 |     2 ||    36
       Poisonous Vapours |    16 |       ||    16
  Use: Scroll            |     3 |       ||     3
 Stab: Sleeping          |     3 |       ||     3
Armor: Robe              |    10 |     2 ||    12
Dodge: Dodged            |    58 |     9 ||    67
       Rpst.: Falchion   |       |     2 ||     2

Table legend: (Time is in decaauts)
 A = Elapsed time spent in this place.
 B = Non-inter-level travel time spent in this place.
 C = Inter-level travel time spent in this place.
 D = Time resting spent in this place.
 E = Time spent auto-exploring this place.
 F = Levels seen in this place.
 G = Mean time per level.
                   A        B        C        D        E       F      G
               +--------+--------+--------+--------+--------+-----+--------+
         Total |   3011 |   2869 |    142 |    316 |   1589 |   4 |  752.8 |
       Dungeon |   3011 |   2869 |    142 |    316 |   1589 |   4 |  752.8 |
               +--------+--------+--------+--------+--------+-----+--------+

Top non-repeatable levels by time:
     D:1: 1683 daAuts
     D:2: 955 daAuts
     D:3: 318 daAuts
     D:4: 53 daAuts
